 Dungeon Crawl Stone Soup version 0.30-a0-965-g42e074c17a (webtiles) character file.

Game seed: 15428003550669543950

31 Sobieck the Conjurer (level 3, -3/26 HPs)
             Began as a Mummy Conjurer on Mar 30, 2023.
             Slain by Terence
             ... wielding a +0 falchion
              (6 damage)
             ... on level 2 of the Dungeon.
             The game lasted 00:02:21 (1552 turns).

Sobieck the Conjurer (Mummy Conjurer)               Turns: 1552, Time: 00:02:22

Health: -3/26      AC:  3    Str: 10    XL:     3   Next: 7%
Magic:  0/8        EV: 11    Int: 19    God:
Gold:   70         SH:  0    Dex: 10    Spells: 6/9 levels left

rFire   x . .      SeeInvis .    e - +0 dagger {short}
rCold   + . .      Faith    +    (no shield)
rNeg    + + +      Spirit   .    a - +0 robe
rPois   ∞          Reflect  .    (no helmet)
rElec   .          Rampage  .    l - +0 cloak
rCorr   .                        (no gloves)
Will    .....                    (no boots)
Stlth   ++                       (no amulet)
HPRegen 0.24/turn                (no ring)
MPRegen 0.11/turn                (no ring)

@: very slightly contaminated
A: cold resistance 1, negative energy resistance 3, torment resistance 2, heat
vulnerability 1, in touch with death 1, no potions, faith
a: no special abilities


You were on level 2 of the Dungeon.
You visited 1 branch of the dungeon, and saw 2 of its levels.

You collected 70 gold pieces.


Innate Abilities, Weirdness & Mutations

You are immune to poison.
Your flesh is cold resistant. (rC+)
You are immune to negative energy. (rN+++)
You are immune to unholy pain and torment.
You are vulnerable to heat. (rF-)
You are in touch with the powers of death.
You do not drink.
You have a special connection with the divine. (Faith)


   Skills:
 - Level 1.0 Fighting
 - Level 1.5 Dodging
 - Level 1.5 Stealth
 + Level 3.5 Spellcasting
 + Level 3.6 Conjurations


You had 6 spell levels left.
You knew the following spells:

 Your Spells              Type           Power      Damage    Failure   Level
a - Magic Dart            Conj           68%        1d6       3%          1
b - Searing Ray           Conj           34%        2d5       4%          2

Your spell library contained the following spells:

 Spells                   Type           Power      Damage    Failure   Level
 Dazzling Flash           Conj/Hex       20%        N/A       21%         3
 Fulminant Prism          Conj/Hex       5%         3d7       56%         4
 Iskenderun's Mystic Bla  Conj/Tloc      10%        2d4       56%         4

Inventory:

Hand Weapons
 e - a +0 dagger (weapon) {short}
   (You took it off a goblin on level 1 of the Dungeon)
 g - a +0 dagger {short}
   (You took it off a kobold on level 1 of the Dungeon)
 m - a +0 short sword {short}
   (You took it off a kobold on level 1 of the Dungeon)
Missiles
 b - 24 stones {throwing}
Armour
 a - a +0 robe (worn)
 d - a +0 robe
   (You found it on level 1 of the Dungeon)
 h - a +0 chain mail
   (You found it on level 1 of the Dungeon)
 i - a +0 leather armour
   (You found it on level 1 of the Dungeon)
 k - a +0 leather armour
   (You found it on level 1 of the Dungeon)
 l - a +0 cloak (worn)
   (You found it on level 1 of the Dungeon)
 o - a +0 chain mail
   (You found it on level 1 of the Dungeon)
 p - a +0 leather armour
   (You found it on level 1 of the Dungeon)
Scrolls
 c - 2 scrolls of enchant weapon {unknown}
 f - a scroll of teleportation {unknown}
 j - a scroll of identify {unknown}
 n - a scroll of amnesia {unknown}

Dungeon Overview and Level Annotations

Branches:
Dungeon (2/15) Zot: 10446

Altars:

Annotations:
D:2 Terence

### #<# #.#
#@##### #.@...#
#####.# #.#
#############.#
.........@....#
###############


You could see Terence (fast).


Message History

You hit the adder. The adder bites you.
You closely miss the adder. The adder misses you.
Unknown command.
Casting: Magic Dart (safe; 4% risk of failure)
Confirm with . or Enter, or press ? or * to list all spells.
Aiming: Magic Dart (safe; 4% risk of failure)
Press: ? - help, Shift-Dir - straight line, f/p - adder
Aim: an adder (heavily wounded, 100% to hit)
The magic dart hits the adder.
The adder barely misses you. The adder bites you but does no damage.
Unknown command.
You barely miss the adder. The adder barely misses you.
You miss the adder. The adder barely misses you.
You closely miss the adder. The adder misses you. The adder bites you.
You closely miss the adder. The adder bites you but does no damage.
You miss the adder. The adder closely misses you.
You hit the adder. The adder completely misses you. The adder bites you.
You barely miss the adder. The adder bites you.
You closely miss the adder. The adder barely misses you.
You closely miss the adder. You punch the adder, but do no damage.
The adder bites you.
You miss the adder. The adder bites you.
The adder bites you but does no damage.
Casting: Magic Dart (safe; 4% risk of failure)
Confirm with . or Enter, or press ? or * to list all spells.
Aiming: Magic Dart (safe; 4% risk of failure)
Press: ? - help, Shift-Dir - straight line, f/p - adder
Aim: an adder (almost dead, 100% to hit)
The magic dart hits the adder but does no damage.
The adder barely misses you.
Unknown command.
You closely miss the adder. The adder bites you.
* * * LOW HITPOINT WARNING * * *
You hit the adder.
You kill the adder!
You have reached level 3!
Your experience leads to an increase in your attributes!
Increase (S)trength, (I)ntelligence, or (D)exterity?
You feel clever. x2
You feel more in touch with the powers of death.
You start resting.
You start resting.
Okay, then.
Unknown command.
You climb downwards.
There is a stone staircase leading up here.
Unknown command.
Unknown command.
Unknown command.
Terence the Incautious comes into view.
He is wielding a +0 falchion.
Terence drinks a potion.
Terence seems to speed up.
Danger!
Unknown command.
Danger!
Terence attacks as you move away! Terence hits you with a +0 falchion.
Unknown command.
Unknown command.
Casting: Magic Dart (safe; 3% risk of failure)
Confirm with . or Enter, or press ? or * to list all spells.
Aiming: Searing Ray (safe; 4% risk of failure)
Press: ? - help, Shift-Dir - straight line, f - Terence
Aim: Terence, wielding a +0 falchion and wearing a +0 scale mail (fast, 81% to hit)
You miscast Searing Ray.
You are very lightly contaminated with residual magic.
Nothing appears to happen.
Terence hits you but does no damage. Terence screams, "I want your blood!"
Terence completely misses you. Terence barely misses you.
Unknown command.
Casting: Searing Ray (safe; 4% risk of failure)
Confirm with . or Enter, or press ? or * to list all spells.
Aiming: Searing Ray (safe; 4% risk of failure)
Press: ? - help, Shift-Dir - straight line, f/p - Terence
Aim: Terence, wielding a +0 falchion and wearing a +0 scale mail (fast, 81% to hit)
The searing ray hits Terence! (Press . to maintain the ray.) Terence barely misses you.
Terence hits you with a +0 falchion.
The searing ray hits Terence!
Terence hits you with a +0 falchion!
* * * LOW HITPOINT WARNING * * *
The searing ray hits Terence but does no damage.
Terence closely misses you. Terence hits you with a +0 falchion.
* * * LOW HITPOINT WARNING * * *
The searing ray hits Terence.
You finish channelling your searing ray.
Terence hits you with a +0 falchion.
* * * LOW HITPOINT WARNING * * *
Casting: Searing Ray (safe; 4% risk of failure)
Confirm with . or Enter, or press ? or * to list all spells.
You don't have enough magic to cast this spell.
Unknown command.
Casting: Searing Ray (safe; 4% risk of failure)
Confirm with . or Enter, or press ? or * to list all spells.
Aiming: Magic Dart (safe; 3% risk of failure)
Press: ? - help, Shift-Dir - straight line, f/p - Terence
Aim: Terence, wielding a +0 falchion and wearing a +0 scale mail (almost dead, fast, 100% to hit)
The magic dart hits Terence.
Terence screams, "I'm going to kill you!"
Terence closely misses you. Terence hits you with a +0 falchion.
You die...

Skill      XL: |  1  2 |
---------------+-------+-----
Spellcasting   | 3 |  3.5
Fighting       | 1 |  1.0
Dodging        | |  1.5
Stealth        | |  1.5
Conjurations   | |  3.6

Action                     || total
---------------------------++-------
  Melee: Unarmed           ||     3
         Dagger            ||    14
         Punch             ||     1
   Cast: Magic Dart        ||    42
         Searing Ray       ||     3
 Armour: Robe              ||     7
  Dodge: Dodged            ||    29

Levels and vault maps discovered:
D:1:      elethiomel_arrival_infinity_welcomes_careful_drivers,
          layout_loops_ring, shapermc_ecumenical_altar_venn,
          chequers_serial_rivers_micro_c, minmay_cupped
D:2:      layout_basic, uniq_robin, uniq_terence

Notes
Turn   | Place    | Note
-------+----------+-------------------------------------------
     0 | D:1      | Sobieck the Mummy Conjurer began the quest for the Orb.
     0 | D:1      | Reached XP level 1. HP: 13/13 MP: 4/4
   505 | D:1      | Reached skill level 3 in Spellcasting
   506 | D:1      | Reached XP level 2. HP: 20/20 MP: 1/6
   527 | D:1      | Learned a level 2 spell: Searing Ray
   622 | D:1      | Reached skill level 1 in Fighting
   827 | D:1      | Found a faded altar of an unknown god.
  1450 | D:1      | Gained mutation: You are in touch with the powers of death.
                  | [Mummy growth]
  1450 | D:1      | Reached XP level 3. HP: 13/26 MP: 0/8
  1533 | D:2      | Noticed Terence
  1551 | D:2      | HP: 2/26 [Terence/+0 falchion (5)]
  1552 | D:2      | Slain by Terence

Vanquished Creatures
  An adder (D:1)
  2 endoplasms
  A goblin (D:1)
  2 hobgoblins (D:1)
  3 jackals (D:1)
  2 kobolds (D:1)
  3 ball pythons (D:1)
  A bat (D:1)
  2 frilled lizards (D:1)
  3 rats (D:1)
20 creatures vanquished.

Table legend:
 A = Non-vault XP
 B = Vault XP
 C = Vault XP percentage of total XP
 D = Non-vault monster count
 E = Vault monster count
 F = Vault count percentage of total count
                 A         B        C        D         E       F
            +---------+---------+-------+---------+---------+-------
      Total |      40 |       5 |  11.1 |      17 |       3 |  15.0
            +---------+---------+-------+---------+---------+-------
        D:1 |      38 |       5 |  11.6 |      16 |       3 |  15.8
        D:2 |       2 |       0 |   0.0 |       1 |       0 |   0.0
            +---------+---------+-------+---------+---------+-------

Illustrated notes

Table legend:
 A = Kills in this place as a percentage of kills in the entire game.
 B = Kills by you in this place as a percentage of kills by you in the entire game.
 C = Kills by friends in this place as a percentage of kills by friends in the entire game.
 D = Other kills in this place as a percentage of other kills in the entire game.
 E = Experience gained in this place as a percentage of experience gained in the entire game.
 F = Experience gained in this place divided by the number of levels of this place that you have seen.
                   A       B       C       D       E      F
               +-------+-------+-------+-------+-------+----------------------
         Total | 100.0 | 100.0 |   N/A |   N/A | 100.0 |  22.5
       Dungeon | 100.0 | 100.0 |   N/A |   N/A | 100.0 |  22.5
               +-------+-------+-------+-------+-------+----------------------

Table legend: (Time is in decaauts)
 A = Elapsed time spent in this place.
 B = Non-inter-level travel time spent in this place.
 C = Inter-level travel time spent in this place.
 D = Time resting spent in this place.
 E = Time spent auto-exploring this place.
 F = Levels seen in this place.
 G = Mean time per level.
                   A        B        C        D        E       F      G
               +--------+--------+--------+--------+--------+-----+--------+
         Total |   1552 |   1523 |     29 |    288 |   1063 |   2 |  776.0 |
       Dungeon |   1552 |   1523 |     29 |    288 |   1063 |   2 |  776.0 |
               +--------+--------+--------+--------+--------+-----+--------+

Top non-repeatable levels by time:
     D:1: 1450 daAuts
     D:2: 102 daAuts
